 Dungeon Crawl Stone Soup version 0.31-a0-803-g95b03c3367 (webtiles) character file.

Game seed: 5315822881024974044

27618 avis the Spry (level 13, 0/74 HPs)
             Began as a Felid Warper on Sept 20, 2023.
             Was an Initiate of Gozag.
             Slain by a seven-headed hydra (8 damage)
             ... on level 4 of the Lair of Beasts.
             The game lasted 02:14:02 (16976 turns).

avis the Spry (Felid Warper)                       Turns: 16976, Time: 02:14:03

Health: 0/74       AC: 14    Str: 19    XL:     13   Next: 5%
Magic:  21/21      EV: 19    Int: 14    God:    Gozag
Gold:   2658       SH:  0    Dex: 17    Spells: 10/22 levels left
                                        Lives:  0   Deaths: 5

rFire   . .          .
                       - Unarmed
rCold   . . .        (shield unavailable)
rNeg    . . .        (body armour unavailable)
rPois   +            (helmet unavailable)
rElec   .            (cloak unavailable)
rCorr   .            (gloves unavailable)
SInv    +            (boots unavailable)
Will    +....        D - amulet of regeneration
Stlth   ++           j - +4 ring of protection
HPRegen 1.12/turn    r - ring "Buikle" {rPois Str+3}
MPRegen 0.17/turn

%: no passive effects
@: snake-form, gold aura
A: constrict, boosted hp, large, (claws 1), (fangs 3), see invisible, (speed 1),
(shaggy fur 3), (stealthy paws), no weapons or thrown items, no armour,
multi-lived
a: Begin Untransformation, Renounce Religion, Potion Petition, Call Merchant,
Bribe Branch


You were on level 4 of the Lair of Beasts.
You worshipped Gozag.
Gozag was most pleased with you.
You were an enormous anaconda.
You visited 4 branches of the dungeon, and saw 18 of its levels.
You also visited: Volcano.

You collected 3064 gold pieces.
You spent 280 gold pieces at shops.
You paid 126 gold pieces to Gozag.

Inventory:

Jewellery
 b - a ring of ice
 j - a +4 ring of protection (left hand)
 q - a ring of wizardry
 r - the ring "Buikle" (right hand) {rPois Str+3}
   (You acquired it on level 9 of the Dungeon)

   [ring of poison resistance]

   Str+3:     It affects your strength (+3).
   rPois:     It protects you from poison
 A - a ring of wizardry
 D - an amulet of regeneration (around neck)
 G - a ring of flight
 J - a ring of fire
 L - a ring of willpower
Talismans
 l - a blade talisman
 m - a maw talisman
 s - a serpent talisman (active)
Wands
 I - a wand of light (3)
 K - a wand of paralysis (5)
Scrolls
 a - 4 scrolls of blinking
 e - 2 scrolls of immolation
 f - a scroll of enchant armour
 k - a scroll of silence {unknown}
 n - 2 scrolls of fear {unknown}
 o - 2 scrolls of revelation
 u - 2 scrolls of brand weapon {unknown}
 w - a scroll of summoning
 x - 4 scrolls of poison {unknown}
 y - 4 scrolls of noise {unknown}
 H - 2 scrolls of amnesia {unknown}
Potions
 c - 2 potions of brilliance
 d - 5 potions of curing
 g - 3 potions of enlightenment
 h - 3 potions of ambrosia
 t - 6 potions of cancellation
 v - 3 potions of degeneration
 z - a potion of experience
 B - a potion of mutation
 C - a potion of attraction
 E - a potion of might
 F - a potion of invisibility


   Skills:
 * Level 10.5 Fighting
 - Level 16.0 Dodging
 - Level 3.0 Stealth
 - Level 6.0 Unarmed Combat
 - Level 5.0 Spellcasting
 + Level 8.7 Translocations
 - Level 2.0 Transmutations
 - Level 3.0 Air Magic
 - Level 12.0 Shapeshifting


You had 10 spell levels left.
You knew the following spells:

 Your Spells              Type           Power      Damage    Failure   Level
b - Blink                 Tloc           56%        N/A       1%          2
e - Wereblood             Tmut           9%         N/A       12%         2
m - Manifold Assault      Tloc           28%        N/A       4%          4
v - Vhi's Electric Charg  Tloc/Air       38%        N/A       16%         4

Your spell library contained the following spells:

 Spells                   Type           Power      Damage    Failure   Level
 Lesser Beckoning         Tloc           56%        N/A       1%          2
 Teleport Other           Tloc           28%        N/A       1%          3
 Sting                    Tmut/Pois      24%        1d4       12%         1
 Poisonous Vapours        Pois/Air       14%        N/A       14%         2
 Sublimation of Blood     Necr           3%         N/A       26%         2
 Iskenderun's Mystic Bla  Conj/Tloc      15%        2d5       28%         4
 Frozen Ramparts          Ice            6%         1d1       45%         3
 Tukima's Dance           Hex            3%         N/A       45%         3
 Petrify                  Tmut/Erth      6%         N/A       75%         4
 Olgreb's Toxic Radiance  Pois           3%         N/A       86%         4
 Metabolic Englaciation   Hex/Ice        1%         N/A       99%         5
 Summon Hydra             Summ           1%         N/A       100%        7
 Dimensional Bullseye     Hex/Tloc       Unusable   N/A       N/A         4

Dungeon Overview and Level Annotations

Branches:
Dungeon (11/15)            Temple (1/1) D:6            Lair (5/5) D:10
  Snake (1/4) Lair:2          Orc (0/2) D:9         Volcano (visited)
  Swamp: Lair:2-3    Shoals: Lair:2-3     Slime: Lair:4-5

Altars:
Ashenzari
Cheibriados
Dithmenos
Elyvilon
Fedhas
Gozag
Hepliaklqana
Kikubaaqudgha
Makhleb
Nemelex Xobeh
Okawaru
Qazlal
Ru
Sif Muna
Trog
Uskayaw
Vehumet
Wu Jian
Xom
Yredelemnul
Zin
The Shining One

Shops:
D:4 [:![

Annotations:
D:11 Urug


Innate Abilities, Weirdness & Mutations

You are an enormous anaconda.
You have a powerful constriction melee attack.
Your maximum health is increased.
((You have sharp claws.))
((You have razor-sharp teeth.))
You have supernaturally acute eyesight. (SInv)
((You cover ground quickly. (Speed+)))
((Your thick and shaggy fur keeps you warm. (AC +3, rC+)))
((Your paws help you pounce on unaware monsters.))
You are incapable of wielding weapons or throwing items.
You cannot wear armour.
You gain extra lives every three experience levels.


Message History

The seven-headed hydra is heavily wounded.
The seven-headed hydra bites you but does no damage.
The seven-headed hydra bites you.
The seven-headed hydra bites you but does no damage.
The seven-headed hydra misses you.
The seven-headed hydra completely misses you.
The seven-headed hydra bites you but does no damage.
The seven-headed hydra bites you.
You hit the seven-headed hydra.
The seven-headed hydra is heavily wounded.
The seven-headed hydra misses you.
The seven-headed hydra closely misses you.
The seven-headed hydra completely misses you.
The seven-headed hydra bites you.
* * * LOW HITPOINT WARNING * * *
The seven-headed hydra bites you but does no damage. x2
The seven-headed hydra closely misses you.
You hit the seven-headed hydra but do no damage.
The seven-headed hydra is heavily wounded.
The seven-headed hydra completely misses you.
The seven-headed hydra bites you.
* * * LOW HITPOINT WARNING * * *
The seven-headed hydra closely misses you.
The seven-headed hydra bites you.
* * * LOW HITPOINT WARNING * * *
The seven-headed hydra barely misses you.
The seven-headed hydra bites you but does no damage.
The seven-headed hydra bites you!
* * * LOW HITPOINT WARNING * * *
An elephant comes into view.
The elephant trumpets!
You hit the seven-headed hydra.
The seven-headed hydra is heavily wounded.
The seven-headed hydra barely misses you.
The seven-headed hydra misses you.
The seven-headed hydra closely misses you.
The seven-headed hydra bites you but does no damage.
The seven-headed hydra misses you. The seven-headed hydra bites you!
You die...
Your body crumbles into a pile of gold.

### ### ##.######
###..##......D#####
#............#S...#
##..P........##.....#
.[..#...........#.##...
........D.......P.# .
...................
..............#...#.
....................$
............Y...... ..
...................


You could see a seven-headed hydra and an elephant.

Vanquished Creatures
  Snorg (D:10)
  A hydra (Lair:3)
  4 two-headed ogres
  2 death yaks (Lair:4)
  8 black mambas
  4 cane toads
  4 komodo dragons
  2 rime drakes
  Maggie (Lair:2)
  2 polar bears (Lair:2)
  2 trolls
  Prince Ribbit (D:7)
  5 fire bats (Volcano)
  2 wyverns
  Grum (D:7)
  46 yaks
  3 basilisks
  9 water moccasins
  A sky beast (D:5)
  3 orc warriors (D:9)
  A black bear (D:4)
  3 ice beasts
  21 wolves
  2 centaurs
  3 kobold brigands
  Blork the orc (D:6)
  11 bullfrogs
  7 scorpions
  19 wights
  20 killer bees
  A howler monkey (D:4)
  4 lava snakes (Volcano)
  4 hounds
  2 jellies
  A gnoll bouda (D:6)
  8 orc priests
  Jessica (D:2)
  An iguana (D:6)
  13 orc wizards
  2 sleepcaps (D:6)
  2 hell rats (Lair:2)
  6 adders
  10 gnolls
  12 river rats (Lair:2)
  An ufetubus (D:7)
  2 worms (D:2)
  4 dart slugs
  33 orcs
  5 ball pythons
  6 bats
  7 endoplasms
  4 giant cockroaches
  14 goblins
  5 hobgoblins
  3 jackals (D:4)
  23 kobolds
  2 quokkas
  A frilled lizard (D:3)
  5 rats
  2 butterflies (D:5)
374 creatures vanquished.

Vanquished Creatures (others)
  A kobold (D:10)
1 creature vanquished.

Grand Total: 375 creatures vanquished

Notes
Turn   | Place    | Note
-------+----------+-------------------------------------------
     0 | D:1      | avis the Felid Warper began the quest for the Orb.
     0 | D:1      | Reached XP level 1. HP: 9/9 MP: 4/4
   209 | D:1      | Reached XP level 2. HP: 10/13 MP: 6/6
   671 | D:1      | Found a faded altar of an unknown god.
   897 | D:2      | Reached skill level 1 in Stealth
   935 | D:2      | Reached XP level 3. HP: 17/17 MP: 7/7
   973 | D:2      | Reached skill level 4 in Dodging
  1059 | D:2      | Learned a level 2 spell: Blink
  1367 | D:2      | Noticed Jessica
  1374 | D:2      | Killed Jessica
  1375 | D:2      | Reached XP level 4. HP: 4/21 MP: 8/8
  1717 | D:3      | Reached skill level 5 in Dodging
  1783 | D:3      | Learned a level 4 spell: Vhi's Electric Charge
  1948 | D:3      | Reached XP level 5. HP: 4/25 MP: 9/9
  2303 | D:3      | Found a glowing golden altar of the Shining One.
  2408 | D:3      | Found a shimmering blue altar of Sif Muna.
  2456 | D:4      | Found Dathuc's Distillery.
  2771 | D:4      | Reached skill level 5 in Translocations
  2908 | D:4      | Reached skill level 1 in Air Magic
  2967 | D:4      | Found Hylee's Tremendous Tomes.
  3056 | D:4      | Found Idouskik's Antique Armour Emporium.
  3184 | D:4      | Found Utufovig's Armour Shoppe.
  3245 | D:4      | Gained mutation: You are covered in thick fur. (AC +2)
                  | [Felid growth]
  3245 | D:4      | Reached XP level 6. HP: 16/28 MP: 10/10
  3580 | D:4      | Reached skill level 6 in Dodging
  3802 | D:5      | Entered Level 5 of the Dungeon
  3808 | D:5      | Identified the +2 pair of gloves of Repulsion {Str+3}
  3961 | D:5      | Found a bloodstained altar of Trog.
  4029 | D:5      | Reached skill level 7 in Dodging
  4224 | D:5      | Found a hide-covered altar of Uskayaw.
  4278 | D:5      | Noticed an ice beast
  4281 | D:5      | Found a shimmering altar of Xom.
  4397 | D:5      | Killed an ice beast
  4397 | D:5      | Noticed a sky beast
  4398 | D:5      | Reached XP level 7. HP: 32/32 MP: 11/11
  4398 | D:5      | Found a stormy altar of Qazlal.
  4683 | D:5      | Reached skill level 8 in Dodging
  4701 | D:5      | Found a shadowy altar of Dithmenos.
  4930 | D:6      | Reached skill level 5 in Fighting
  4930 | D:6      | Reached XP level 8. HP: 29/37 MP: 7/12
  5002 | D:6      | Noticed Blork the orc
  5036 | D:6      | Killed Blork the orc
  5037 | D:6      | Reached skill level 9 in Dodging
  5522 | D:6      | Reached skill level 10 in Dodging
  5658 | D:6      | Found a hazy altar of Hepliaklqana.
  5706 | D:6      | Found an iron altar of Okawaru.
  5874 | D:6      | Found a staircase to the Ecumenical Temple.
  5955 | Temple   | Entered the Ecumenical Temple
  5964 | Temple   | Became a worshipper of Gozag Ym Sagoz the Greedy
  6399 | D:6      | Reached XP level 9. HP: 41/41 MP: 14/14
  6407 | D:7      | Reached skill level 5 in Unarmed Combat
  6601 | D:7      | Found a sacrificial altar of Ru.
  6799 | D:7      | Reached skill level 11 in Dodging
  6890 | D:7      | Noticed Prince Ribbit
  6901 | D:7      | Killed Prince Ribbit
  7276 | D:4      | Bought a potion of heal wounds for 50 gold pieces
  7276 | D:4      | Bought a potion of enlightenment for 50 gold pieces
  7276 | D:4      | Bought 2 potions of berserk rage for 100 gold pieces
  7276 | D:4      | Bought a potion of mutation for 80 gold pieces
  7415 | D:8      | Noticed Grum
  7538 | D:7      | Killed Grum
  7595 | D:8      | Reached skill level 1 in Shapeshifting
  7657 | D:8      | Noticed a two-headed ogre
  7850 | D:6      | HP: 2/43 [yak (13)]
  7934 | D:7      | Slain by a two-headed ogre
  7968 | D:7      | Killed a two-headed ogre
  8175 | D:7      | Reached XP level 10. HP: 30/47 MP: 15/15
  8487 | D:8      | Reached skill level 12 in Dodging
  8619 | D:8      | Found a broken altar of Ashenzari.
  8638 | D:8      | Reached skill level 5 in Shapeshifting
  8916 | D:8      | Noticed a two-headed ogre
  9144 | D:7      | Killed a two-headed ogre
  9363 | D:8      | Found a sparkling altar of Nemelex Xobeh.
  9776 | D:8      | Upgraded the game from 0.31-a0-799-g6bc09d010c to
                  | 0.31-a0-803-g95b03c3367
 10275 | D:9      | Found a staircase to the Orcish Mines.
 11139 | D:9      | Found a burning altar of Makhleb.
 11359 | D:9      | Learned a level 4 spell: Manifold Assault
 11362 | D:9      | Learned a level 2 spell: Wereblood
 11364 | D:10     | Entered Level 10 of the Dungeon
 11364 | D:10     | Noticed a two-headed ogre
 11389 | D:9      | Identified a scroll of acquirement
 11399 | D:10     | Killed a two-headed ogre
 11400 | D:10     | Reached skill level 10 in Shapeshifting
 11400 | D:10     | Reached XP level 11. HP: 44/50 MP: 16/16
 11658 | D:10     | Reached skill level 1 in Transmutations
 11844 | D:10     | Found a staircase to the Lair.
 12113 | D:10     | Noticed Snorg
 12133 | D:10     | Killed Snorg
 12172 | D:10     | Found a radiant altar of Vehumet.
 12173 | D:10     | Found a glowing silver altar of Zin.
 12245 | D:10     | Acquired the ring "Buikle" {rPois Str+3}
 12444 | D:11     | Noticed Urug
 12471 | D:11     | Demolished by Urug
 12536 | Lair:1   | Entered Level 1 of the Lair of Beasts
 12887 | Lair:1   | Reached skill level 10 in Fighting
 13019 | Lair:1   | Slain by a komodo dragon
 13180 | Lair:1   | Reached skill level 13 in Dodging
 13263 | Lair:1   | Found an opulent altar of Gozag.
 13383 | Lair:1   | Gained mutation: Your thick and shaggy fur keeps you warm.
                  | (AC +3, rC+) [Felid growth]
 13383 | Lair:1   | Reached XP level 12. HP: 58/58 MP: 15/19
 13738 | Lair:2   | Reached skill level 14 in Dodging
 13765 | Lair:2   | Noticed Maggie
 13770 | Lair:2   | Killed Maggie
 13842 | Lair:2   | Found a dark tunnel.
 13847 | Volcano  | Entered a volcano
 13962 | Volcano  | Noticed a two-headed ogre
 13967 | Volcano  | Killed a two-headed ogre
 13968 | Volcano  | Reached skill level 15 in Dodging
 13982 | Volcano  | Killed from afar by a hell knight
 14014 | Volcano  | Noticed a two-headed ogre
 14014 | Volcano  | Noticed an ogre mage
 14014 | Volcano  | Noticed a two-headed ogre
 14015 | Volcano  | Found a radiant altar of Vehumet.
 14015 | Volcano  | Noticed a two-headed ogre
 14182 | Lair:2   | Found a staircase to the Snake Pit.
 14851 | Lair:2   | Reached skill level 5 in Spellcasting
 16410 | Snake:1  | Entered Level 1 of the Snake Pit
 16603 | Lair:2   | Reached skill level 16 in Dodging
 16746 | Lair:3   | Noticed a seven-headed hydra
 16753 | Lair:3   | Killed a seven-headed hydra
 16887 | Lair:3   | You fall into a shaft and drop 2 floors!
 16887 | Lair:5   | Entered Level 5 of the Lair of Beasts
 16903 | Lair:4   | Noticed a death yak
 16919 | Lair:4   | Noticed a death yak
 16920 | Lair:4   | Noticed a death yak
 16922 | Lair:4   | Noticed a death yak
 16925 | Lair:4   | Noticed a death yak
 16927 | Lair:4   | Noticed a death yak
 16928 | Lair:4   | Killed a death yak
 16929 | Lair:4   | Reached XP level 13. HP: 46/62 MP: 13/21
 16953 | Lair:4   | HP: 2/74 [death yak (16)]
 16954 | Lair:4   | Mangled by a death yak
 16976 | Lair:4   | Slain by a seven-headed hydra

Illustrated notes

Levels and vault maps discovered:
D:1:      reono_arrival_mine, layout_loops_ring,
          shapermc_ecumenical_altar_mp_vishouse, serial_park_tiny_1
D:2:      layout_loops_cross, dreamdust_princess_bridge, uniq_jessica
D:3:      layout_rooms, general_overflow_altar, nicolae_tso_carved_into_rock,
          kennysheep_boxes
D:4:      layout_loops_corners, serial_shops, shop_coins,
          nicolae_take_the_stairs, shop, nicolae_shop_i_like_big_books,
          minmay_misc_feat_rugged
D:5:      layout_rooms, nicolae_qazlal_beasts_of_the_sky,
          nicolae_uskayaw_suspiria, xom_butterflies,
          mainiacjoe_overflow_24_doors, amcnicky_altar_gilded, minivault_1
D:6:      layout_rooms, nzn_hepliaklqana_mist_gate, okawaru_altar_gauntlet_db,
          minmay_temple_entry_fiery, uniq_blork_the_orc
D:7:      layout_rooms, hangedman_ru_absence, uniq_prince_ribbit1
D:8:      layout_basic, ashenzari_altar_1, nemelex_spade_bored_becter, uniq_grum
D:9:      layout_basic, mainiacjoe_overflow_alcove_1,
          minmay_orc_entry_temple_small, eino_jars
D:10:     layout_roguey, gammafunk_temple_overflow_statue, lair_entry_dummy,
          uniq_snorg
D:11:     layout_loops_cross, serial_glass, glass_columns_a, glass_columns_a,
          trog_ov_bears_minmay, uniq_urug, uniq_amaemon
Temple:   nicolae_temple_ecumenical_triangle
Lair:1:   layout_gridlike, basic_altar, chequers_serial_rivers_micro_d
Lair:2:   layout_layer_cave, minmay_snake_entry_six_corridors, enter_volcano_4,
          kennysheep_rathole, grunt_megastairs_3, uniq_maggie
Lair:3:   layout_chaotic_city, nicolae_shoals_entry_flooding, pond,
          infiniplex_staircase_pool, serial_bayou_shore_a
Lair:4:   gammafunk_cloud_chamber, layout_cave_shapes, grunt_megastairs_5
Lair:5:   minmay_lair_end_enchanted_forest, layout_hall_layers, slime_entry_1,
          grunt_megastairs_1
Snake:1:  layout_rooms, drop_trap, grunt_megastairs_2, uniq_agnes

Skill      XL: |  1  2  3  4  5  6  7  8  9 10 11 12 |
---------------+-------------------------------------+-----
Fighting       | 3 4 5 6 7 10 | 10.5
Stealth        | 1 2 3 |  3.0
Dodging        | 4 5 7 8 10 11 12 13 16 | 16.0
Translocations | 5 6 7 8 |  8.7
Air Magic      | 2 3 |  3.0
Unarmed Combat | 3 4 6 |  6.0
Spellcasting   | 3 4 5 |  5.0
Shapeshifting  | 4 10 12 | 12.0
Transmutations | 1 2 |  2.0

Action                     |  1- 3 |  4- 6 |  7- 9 | 10-12 | 13-15 || total
---------------------------+-------+-------+-------+-------+-------++-------
  Melee: Unarmed           |   115 |   255 |   512 |   951 |    38 ||  1871
         Bite              |    12 |    33 |    82 |    60 |       ||   187
         Punch             |     1 |     4 |    16 |    14 |     2 ||    37
         Constrict         |       |       |       |   102 |     2 ||   104
   Cast: Vhi's Electric Ch |       |       |    20 |    22 |       ||    42
         Manifold Assault  |       |       |       |    57 |       ||    57
  Evoke: Wand              |       |     3 |    11 |    10 |       ||    24
    Use: Potion            |       |     3 |     2 |     7 |     1 ||    13
         Scroll            |       |       |     4 |    14 |     1 ||    19
   Stab: Sleeping          |     3 |    10 |     2 |     5 |       ||    20
         Invisible         |       |       |     1 |       |       ||     1
         Distracted        |       |       |     1 |     7 |     1 ||     9
 Armour: Skin              |    22 |    86 |   130 |   315 |    43 ||   596
  Dodge: Dodged            |    78 |   208 |   507 |   732 |    31 ||  1556
   Form: Blade             |       |       |       |     1 |       ||     1
         Anaconda          |       |       |       |     1 |       ||     1

Table legend: (Time is in decaauts)
 A = Elapsed time spent in this place.
 B = Non-inter-level travel time spent in this place.
 C = Inter-level travel time spent in this place.
 D = Time resting spent in this place.
 E = Time spent auto-exploring this place.
 F = Levels seen in this place.
 G = Mean time per level.
                   A        B        C        D        E       F      G
               +--------+--------+--------+--------+--------+-----+--------+
         Total |  15431 |  14177 |   1254 |   4122 |   4933 |  19 |  812.2 |
       Dungeon |  11026 |  10020 |   1006 |   2954 |   3242 |  11 | 1002.4 |
        Temple |     23 |     17 |      6 |      0 |      0 |   1 |   23.0 |
          Lair |   4212 |   3970 |    242 |   1167 |   1691 |   5 |  842.4 |
     Snake Pit |      1 |      1 |      0 |      0 |      0 |   1 |    1.0 |
       Volcano |    166 |    166 |      0 |      0 |      0 |   1 |  166.0 |
               +--------+--------+--------+--------+--------+-----+--------+

Top non-repeatable levels by time:
  Lair:2: 2646 daAuts
     D:6: 1587 daAuts
     D:7: 1518 daAuts
     D:8: 1402 daAuts
     D:4: 1335 daAuts
  Lair:1: 1203 daAuts
     D:9: 1189 daAuts
     D:5: 952 daAuts
    D:10: 820 daAuts
     D:2: 740 daAuts
     D:3: 718 daAuts
     D:1: 700 daAuts
  Lair:3: 281 daAuts
 Volcano: 166 daAuts
  Lair:4: 73 daAuts
